 Dungeon Crawl Stone Soup version 0.16-a0-2622-gbfab2ba (webtiles) character file.

115 RobertPalmer the Chiller (level 5, -1/31 HPs)
             Began as an Octopode Ice Elementalist on Nov 22, 2014.
             Slain by a decayed bog body (10 damage)
             ... in an ossuary.
             The game lasted 00:06:37 (3455 turns).

RobertPalmer the Chiller (OpIE)                     Turns: 3455, Time: 00:06:37

Health: -1/31      AC:  1    Str:  7    XL:     5   Next: 0%
Magic:  9/9        EV: 12    Int: 17    God:
Gold:   83         SH:  0    Dex: 14    Spells: 2 memorised, 4 levels left

rFire  . . .     SeeInvis .     a - +3 dagger (drain)
rCold  . . .     Clarity  .     (no shield)
rNeg   . . .     SustAb   .     (helmet restricted)
rPois  .         Gourm    .     (no amulet)
rElec  .         Spirit   .     (no ring)
rCorr  .         Warding  .     (no ring)
rMut   .         Stasis   .     (no ring)
MR     .....                    (no ring)
Stlth  +++.......               (no ring)
                                (no ring)
                                (no ring)
                                (no ring)

@: not resistant to hostile enchantments, fairly stealthy
A: almost no armour, amphibious, 8 rings, constrict 8, camouflage 1, gelatinous
body 1
a: no special abilities


You were in an ossuary.
You were not hungry.

You visited 1 branch of the dungeon, and saw 4 of its levels.
You also visited: Ossuary.

You collected 83 gold pieces.


Innate Abilities, Weirdness & Mutations

You cannot wear most types of armour.
You are amphibious.
You can wear up to eight rings at the same time.
You can use your tentacles to constrict many enemies at once.
Your skin changes colour to match your surroundings (Stealth).
Your rubbery body absorbs attacks (AC +1).


   Skills:
 - Level 2.0 Dodging
 - Level 2.6 Stealth
 - Level 2.0 Spellcasting
   Level 1.0 Conjurations
 + Level 5.5 Ice Magic


You had 4 spell levels left.
You knew the following spells:

 Your Spells              Type           Power        Failure   Level  Hunger
a - Ozocubu's Armour      Chrm/Ice       ##......     21%         3    ###....
z - Freeze                Ice            ###.         1%          1    #......

Inventory:

Hand weapons
 a - a +3 dagger of draining (weapon)
 b - a +0 blowgun
Missiles
 f - 11 poisoned needles
 k - 2 javelins (quivered)
 l - 4 curare-tipped needles
Scrolls
 g - a scroll of identify
Potions
 d - a potion of flight {unknown}
 h - a potion of curing
Books
 e - a book of Frost
 m - a book of Spatial Translocations
Comestibles
 c - 2 bread rations
 i - a beef jerky

Dungeon Overview and Level Annotations

Branches:
Dungeon (4/15)
 Temple: D:4-7

Altars:

Annotations:
D:3 nht's ghost, average OgBe

#####
#@..#
#n∩.#
#...#
##'##
≈.≈
#.≈.≈
≈P≈P#.
###≈≈##≈
#≈#≈ ≈≈


You could see a decayed bog body.


Message History

Welcome to an ossuary!
Found a gate leading back out of this place.
There is an empty arch of ancient stone here.
You start resting.
Magic restored.
You open the door.
A decayed bog body comes into view.
You close the door.
There is an empty arch of ancient stone here.
You start resting.
Eating a chunk of flesh {@w1}.
HP restored.
You open the door.
A worker ant zombie comes into view.
There are monsters nearby!
You close the door.
A decayed bog body opens the door.
There is a gate leading back out of this place here.
You hit the decayed bog body. You grab the decayed bog body.
The decayed bog body is lightly damaged.
You constrict the decayed bog body. You hit the decayed bog body.
The decayed bog body is moderately damaged.
You constrict the decayed bog body. The decayed bog body hits you!!
Ouch! That really hurt!
* * * LOW HITPOINT WARNING * * *
The decayed bog body misses you.
You release your grip on the decayed bog body.
The decayed bog body hits you!
You die...

Action                   |  1- 3 |  4- 6 || total
-------------------------+-------+-------++-------
Melee: Unarmed           |    84 |    46 ||   130
       Dagger            |       |    12 ||    12
Throw: Javelin           |       |     2 ||     2
 Cast: Freeze            |    35 |    15 ||    50
  Use: Potion            |     1 |     1 ||     2
       Scroll            |     3 |     1 ||     4
 Stab: Sleeping          |     4 |     5 ||     9
  Eat: Chunk             |     5 |     4 ||     9

Vault maps used:
D:1:      onia_arrival_zoo_common
D:2:      grunt_decor_one_mirror
D:4:      first_bread, enter_ossuary_2, uniq_edmund
Ossuary:  ossuary_zaba_flooded

Notes
Turn   | Place    | Note
--------------------------------------------------------------
     0 | D:1      | RobertPalmer, the Octopode Ice Elementalist, began the quest for the Orb.
     0 | D:1      | Reached XP level 1. HP: 11/11 MP: 3/3
     6 | D:1      | Noticed a hog
     6 | D:1      | Noticed a komodo dragon
     6 | D:1      | Noticed a water moccasin
   353 | D:1      | Reached XP level 2. HP: 15/17 MP: 0/4
   625 | D:1      | Reached skill level 4 in Ice Magic
   779 | D:1      | Reached XP level 3. HP: 16/21 MP: 1/6
  2252 | D:2      | Reached XP level 4. HP: 27/27 MP: 4/7
  2326 | D:2      | Reached skill level 5 in Ice Magic
  3153 | D:3      | Learned a level 3 spell: Ozocubu's Armour
  3270 | D:3      | Noticed nht's ghost (average OgBe)
  3296 | D:4      | Noticed a phantom
  3327 | D:4      | Reached XP level 5. HP: 19/31 MP: 3/9
  3367 | D:4      | Found a sand-covered staircase.
  3373 | Ossuary  | Entered an ossuary
  3455 | Ossuary  | Slain by a decayed bog body

Vanquished Creatures
  3 adders (D:2)
  A giant mite (D:2)
  A shadow imp (D:4)
  A worm (D:2)
  A giant gecko (D:2)
  2 ball pythons
  6 bats
  3 giant cockroaches
  6 goblins
  6 hobgoblins
  13 jackals (D:1)
  9 kobolds
  A quokka (D:4)
  2 giant newts (D:1)
  9 rats
64 creatures vanquished.
